 Dungeon Crawl Stone Soup version 0.31-a0-655-gf2d5465dac (webtiles) character file.

Game seed: 8665329086180320971

1648 GordonOverkill the Grappler (level 8, -2/67 (83) HPs)
             Began as a Troll Delver on Aug 30, 2023.
             Slain by Maurice
             ... wielding a +1 morningstar of draining
              (11 damage)
             ... on level 8 of the Dungeon.
             The game lasted 00:08:02 (1666 turns).

GordonOverkill the Grappler (Troll Delver)          Turns: 1666, Time: 00:08:03

HP:   -2/67 (83)    AC:  4    Str: 29    XL:     8   Next: 67%
MP:   7/7           EV:  9    Int:  6    God:
Gold: 0             SH:  0    Dex: 11    Spells: 7/7 levels left

rFire   . .          .
                       - Unarmed
rCold   . . .        (no shield)
rNeg    . . .        a - +0 robe
rPois   .            (helmet restricted)
rElec   .            (no cloak)
rCorr   .            (gloves unavailable)
SInv    .            (boots unavailable)
Will    +....        (no amulet)
Stlth   ++           s - ring of willpower
HPRegen 1.11/turn    v - +6 ring of strength
MPRegen 0.10/turn

%: no passive effects
@: hasted, heavily drained, very quick
A: large, unfitting armour, claws 3, regeneration 1, shaggy fur 1, tough skin 1
a: no special abilities


You were on level 8 of the Dungeon.
You visited 1 branch of the dungeon, and saw 6 of its levels.
You also visited: Ossuary.

Inventory:

Missiles
 r - 5 poisoned darts (quivered)
Armour
 a - a +0 robe (worn)
Jewellery
 s - a ring of willpower (left claw)
 v - a +6 ring of strength (right claw)
Wands
 c - a wand of polymorph (4)
 f - a wand of digging (3)
Scrolls
 b - 2 scrolls of fog
 d - a scroll of fear
 g - a scroll of summoning {unknown}
 j - a scroll of acquirement {unknown}
 l - 4 scrolls of identify {unknown}
 q - a scroll of poison {unknown}
 t - a scroll of teleportation {unknown}
Potions
 e - a potion of haste
 h - a potion of enlightenment {unknown}
 k - a potion of might {unknown}
 m - 4 potions of heal wounds {unknown}
 n - 2 potions of mutation {unknown}
 o - 3 potions of curing {unknown}
 p - a potion of degeneration {unknown}


   Skills:
 + Level 6.2 Fighting
 - Level 1.5 Dodging
 - Level 2.7 Stealth
 - Level 9.0 Unarmed Combat


You had 7 spell levels left.
You didn't know any spells.
Your spell library contained the following spells:

 Spells                   Type           Power      Damage    Failure   Level
 Cigotuvi's Dreadful Rot  Necr/Pois/Air  0%         N/A       58%         2
 Ignite Poison            Fire/Tmut/Pois 0%         N/A       83%         3
 Freezing Cloud           Conj/Ice/Air   0%         6-21      100%        5


Dungeon Overview and Level Annotations

Branches:
Dungeon (9/15)            Ossuary (visited)
 Temple: D:4-7         Lair: D:8-11         Orc: D:9-12

Altars:
Vehumet

Annotations:
D:4 Sigmund
D:8 Maurice


Innate Abilities, Weirdness & Mutations

You are too large for most types of armour.
You have claws for hands.
Your natural rate of healing is unusually fast.
You are covered in fur. (AC +1)
You have tough skin. (AC +1)


Message History

You barely miss something. Something hits you.
Something mutters, "Now where did you hide it?"
You closely miss something.
You hear some strange, mumbled words.
You hear a zap.
Your mind is blasted!
There is a stone staircase leading down, spattered with blood here.
Items here: ( )) [ †.
There is a stone staircase leading down, spattered with blood here.
Items here: )) [ †.
You start resting.
There is a strange disturbance nearby!
You miss something. Something hits you!
Something mutters, "Now where did you hide it?"
You feel drained.
You claw something! You miss something. Something hits you!
* * * LOW HITPOINT WARNING * * *
Something mutters, "Now where did you hide it?"
You feel drained.
* * * LOW HITPOINT WARNING * * *
You miss something.
You hear a zap.
Something tries to affect you, but you resist.
You closely miss something. Something hits you!
* * * LOW HITPOINT WARNING * * *
Something grunts, "Curses!"
You feel drained.
* * * LOW HITPOINT WARNING * * *
You closely miss something. Your claw misses something.
You hear a zap.
Your mind is blasted!
* * * LOW HITPOINT WARNING * * *
You barely miss something. Something hits you!
* * * LOW HITPOINT WARNING * * *
Something grunts, "Curses!"
You feel drained.
* * * LOW HITPOINT WARNING * * *
You feel yourself speed up. Something hits you!
You die...

#.#...##.#...##..##.#...#
..######.#...##.........#
#.# ###...##..{......#
... .....#..........# #.#
#####.#.#.......)..###
#.. ............)........
..........)>[...####
###.###..##).#..#
#......@{..#.## #.#
#.###..##.##.# ..# #.#
#..##.# .#########.#
#..##.# .###.......#
#..##.#
...........###..##.#
..##............##.#
..##.#..........##.#
#.##.......###......


There were no monsters in sight!

Vanquished Creatures
  A kobold demonologist (D:8)
  A steam dragon (D:7)
  An ice beast (D:5)
  A black bear (D:6)
  2 elf zombies (Ossuary)
  A phantom (D:4)
  2 kobold brigands
  A bullfrog (D:7)
  2 scorpions
  2 howler monkeys (D:8)
  A hound (D:5)
  A jelly (D:4)
  3 human zombies (Ossuary)
  2 gnoll boudas
  An iguana (D:4)
  An orc wizard (D:8)
  2 mummies (Ossuary)
  11 gnolls
  4 adders
  6 orcs
  A goblin zombie (D:4)
  4 hobgoblin zombies (Ossuary)
  2 jackal zombies (Ossuary)
  8 kobolds
  13 kobold zombies (Ossuary)
  10 orc zombies (Ossuary)
  3 rat zombies
87 creatures vanquished.

Notes
Turn   | Place    | Note
-------+----------+-------------------------------------------
     0 | D:5      | GordonOverkill the Troll Delver began the quest for the
                  | Orb.
     0 | D:5      | Reached XP level 1. HP: 22/22 MP: 0/0
    27 | D:6      | Reached XP level 2. HP: 31/31 MP: 1/1
    42 | D:6      | Noticed a scorpion
    70 | D:5      | Reached skill level 3 in Unarmed Combat
    70 | D:5      | Reached XP level 3. HP: 22/37 MP: 2/2
    95 | D:4      | Noticed a scorpion
   101 | D:4      | Noticed an ogre
   104 | D:4      | Killed a scorpion
   105 | D:4      | Reached skill level 4 in Unarmed Combat
   105 | D:4      | Reached XP level 4. HP: 35/45 MP: 3/3
   115 | D:5      | Noticed an ice beast
   122 | D:4      | Found a radiant altar of Vehumet.
   155 | D:4      | Noticed Sigmund
   157 | D:4      | Noticed a kobold brigand
   165 | D:4      | Killed a kobold brigand
   166 | D:4      | Reached skill level 5 in Unarmed Combat
   166 | D:4      | Reached XP level 5. HP: 33/53 MP: 4/4
   180 | D:4      | Found a sand-covered staircase.
   192 | Ossuary  | Entered an ossuary
   380 | Ossuary  | Reached XP level 6. HP: 50/62 MP: 5/5
   481 | Ossuary  | Reached skill level 6 in Unarmed Combat
   681 | D:5      | Killed an ice beast
   682 | D:5      | Reached skill level 7 in Unarmed Combat
   682 | D:5      | Reached XP level 7. HP: 70/70 MP: 6/6
   785 | D:4      | Reached skill level 5 in Fighting
  1168 | D:6      | Reached XP level 8. HP: 50/80 MP: 7/7
  1260 | D:7      | Reached skill level 8 in Unarmed Combat
  1478 | D:9      | Noticed a kobold demonologist
  1494 | D:8      | Killed a kobold demonologist
  1495 | D:8      | Reached skill level 9 in Unarmed Combat
  1632 | D:8      | Noticed Maurice
  1666 | D:8      | Slain by Maurice

Illustrated notes

Levels and vault maps discovered:
D:4:      layout_rooms, mainiacjoe_overflow_catwalk_spiral, enter_ossuary_4,
          grunt_ministairs_9, uniq_sigmund
D:5:      layout_cave_pools
D:6:      layout_rooms, mainiacjoe_overflow_catwalk, item_on_display_a,
          uniq_menkaure
D:7:      layout_rooms, minmay_temple_entry_grid,
          hangedman_decor_clover_reticule, minmay_mini_ossuary,
          uniq_crazy_yiuf_cottage, uniq_prince_ribbit1
D:8:      layout_basic, serial_shops, nicolae_shop_hallway_stairs, uniq_maurice
D:9:      layout_small_grid, makhleb_altar_promises_db,
          erik_lair_orcish_takeover

Skill      XL: |  1  2  3  4  5  6  7  8 |
---------------+-------------------------+-----
Fighting       | 3 4 5 6 |  6.2
Unarmed Combat | 3 4 5 7 9 |  9.0
Dodging        | |  1.5
Stealth        | |  2.7

Action                     |  1- 3 |  4- 6 |  7- 9 || total
---------------------------+-------+-------+-------++-------
  Melee: Unarmed           |    23 |   155 |   139 ||   317
         Punch             |       |     8 |     4 ||    12
  Evoke: Wand              |       |     2 |     1 ||     3
    Use: Scroll            |     1 |       |       ||     1
         Potion            |       |       |     1 ||     1
   Stab: Sleeping          |     1 |     1 |     3 ||     5
 Armour: Robe              |     4 |    51 |    47 ||   102
  Dodge: Dodged            |    11 |    59 |    90 ||   160

Table legend: (Time is in decaauts)
 A = Elapsed time spent in this place.
 B = Non-inter-level travel time spent in this place.
 C = Inter-level travel time spent in this place.
 D = Time resting spent in this place.
 E = Time spent auto-exploring this place.
 F = Levels seen in this place.
 G = Mean time per level.
                   A        B        C        D        E       F      G
               +--------+--------+--------+--------+--------+-----+--------+
         Total |   1662 |   1644 |     18 |    498 |     90 |   7 |  237.4 |
       Dungeon |   1320 |   1302 |     18 |    486 |     26 |   6 |  220.0 |
       Ossuary |    341 |    341 |      0 |     12 |     64 |   1 |  341.0 |
               +--------+--------+--------+--------+--------+-----+--------+

Top non-repeatable levels by time:
     D:4: 395 daAuts
 Ossuary: 341 daAuts
     D:5: 340 daAuts
     D:8: 310 daAuts
     D:6: 177 daAuts
     D:7: 88 daAuts
     D:9: 6 daAuts
